 Dungeon Crawl Stone Soup version 0.14-a0-2540-ga8cbd88 (webtiles) character file.

132981 Jenx the Bringer of Law (level 17, -7/116 HPs)
             Began as a Gargoyle Fighter on Feb 9, 2014.
             Was the Champion of Zin.
             Shot with an arrow by a centaur warrior (10 damage)
             ... on Level 15 of the Dungeon on Feb 10, 2014.
             The game lasted 02:46:32 (42157 turns).

Jenx the Bringer of Law (Gargoyle Fighter)         Turns: 42157, Time: 02:46:33

HP  -7/116       AC 41     Str 29      XL: 17   Next: 11%
MP  36/36        EV  7     Int 14      God: Zin [******]
Gold 1063        SH  0     Dex 20      Spells:  0 memorised, 16 levels left

rFire  . . .     SeeInvis +     a - +3,+2 great mace (crush)
rCold  + . .     Clarity  +     Y - +3 dwarf plate armour {rC+}
rNeg   + . .     Conserve .     (no shield)
rPois  +         rCorr    .     F - +0 helmet
rElec  +         rRot     +     U - +0 cloak {MR+}
SustAb . .       Spirit   .     X - +0 pair of gloves
rMut   .         Warding  .     k - +2 pair of dwarf boots
Saprov . . .     Stasis   .     n - amulet of clarity
MR     ++...                    l - +4,+3 ring of slaying
                                L - ring of see invisible

@: liquid flames, vitalised, flying, glowing, very resistant to hostile
enchantments, extremely unstealthy
A: large and strong wings, life protection 1, electricity resistance,
unbreathing, petrification resistance, AC +12
a: Stop Flying, Recite, Vitalisation, Imprison, Sanctuary, Cure All Mutations,
Renounce Religion


You were on level 15 of the Dungeon.
You worshipped Zin.
Zin was exalted by your worship.
You were not hungry.

You visited 6 branches of the dungeon, and saw 34 of its levels.
You also visited: Sewer, Bailey and Ice Cave.

You collected 3576 gold pieces.
You spent 449 gold pieces at shops.
You donated 2064 gold pieces.

Inventory:

Hand weapons
 a - a +3,+2 great mace of crushing (weapon)
 b - a +2,+0 dire flail of holy wrath
 D - a +1,+0 morningstar of protection
 K - a +0 blowgun
Missiles
 O - 3 javelins (quivered)
 T - 7 curare-tipped needles
Armour
 k - a +2 pair of dwarven boots (worn)
 F - a +0 helmet (worn)
 I - a +0 shield
 N - the -4 pair of boots of Terror {rF+ MR++ Str-2 SInv}
   (You bought it in a shop on level 1 of the Shoals)

   It affects your strength (-2).
   It protects you from fire.
   It affects your resistance to hostile enchantments.
   It enhances your eyesight.
 Q - the +2 cloak of a Thousand Planets {rPois}
   (You acquired it on level 6 of the Lair of Beasts)

   It protects you from poison.
 U - a +0 cloak of magic resistance (worn)
 X - a +0 pair of gloves (worn)
 Y - a +3 dwarven plate armour of cold resistance (worn)
Magical devices
 c - a wand of cold (5)
 e - a wand of digging (10)
 f - a wand of paralysis (11)
 g - a wand of disintegration (0)
 p - a wand of lightning (1)
 H - a wand of disintegration (5)
Comestibles
 d - 4 bread rations
 J - 6 meat rations
Scrolls
 q - 2 scrolls of magic mapping
 u - 2 scrolls of identify
 w - a scroll of teleportation
 A - 2 scrolls of fog
 B - 3 scrolls of enchant weapon II
 C - a scroll of remove curse
 E - a scroll of amnesia
Jewellery
 i - an uncursed ring of invisibility
 j - an uncursed ring of teleport control
 l - a +4,+3 ring of slaying (right hand)
 n - an amulet of clarity (around neck)
 o - an uncursed ring of fire
 s - an uncursed ring of ice
 t - an uncursed amulet of warding
 x - a cursed ring of teleportation
 L - a ring of see invisible (left hand)
Potions
 h - 5 potions of curing
 m - a potion of berserk rage
 r - 3 potions of restore abilities
 z - a potion of agility
 R - 4 potions of magic
 W - 2 potions of resistance
 Z - a potion of speed


   Skills:
 - Level 16.6 Fighting
 - Level 13.2 Maces & Flails
 + Level 14.4 Armour
   Level 5.1 Shields
 * Level 18.7 Invocations
 - Level 3.6 Evocations


You had 16 spell levels left.
You didn't know any spells.

Dungeon Overview and Level Annotations

Branches:
Dungeon (16/16)            Temple (1/1) D:7             Orc (4/4) D:11
    Elf (0/3) Orc:4          Lair (8/8) D:8          Shoals (1/5) Lair:4
  Snake (4/5) Lair:4        Slime (0/6) Lair:7       Vaults (0/5) D:14
 Depths: D:16

Altars:
Ashenzari
Cheibriados
Dithmengos
Elyvilon
Makhleb
Nemelex Xobeh
Okawaru
Sif Muna
Vehumet
Xom
Yredelemnul
Zin
The Shining One
Beogh
Jiyva

Shops:
D:4 !   D:10 [   D:14 !   Orc:4 :(*[   Shoals:1 [((   Snake:1 [

Portals:
Trove: D:15 (give +4 storm dragon armour)

Annotations:
Snake:4 Vashnia


Innate Abilities, Weirdness & Mutations

You are resistant to torment.
You are immune to poison.
You can fly continuously.
Your stone body is very resilient (AC +12).
Your wings are large and strong.
You resist negative energy.
You are resistant to electric shocks.
You can survive without breathing.
You are immune to petrification.


Message History

One of your 3 scrolls of identify catches fire!
One of your 4 scrolls of enchant weapon II catches fire!
One of your 2 scrolls of remove curse catches fire!
* * * LOW HITPOINT WARNING * * *
The centaur warrior shoots an arrow.
The arrow hits you!
* * * LOW HITPOINT WARNING * * *
The mottled dragon spits sticky flame at you.
The sticky flame hits you!
You are covered in liquid flames!
The centaur warrior shoots an arrow.
The arrow hits you!
Evoke which item? (* to show all) (? for menu, Esc to quit)
Zapping:
p - a wand of lightning {zapped: 4}
Press: ? - help, Shift-Dir - straight line, f/p - mottled dragon
Aim: a mottled dragon (severely wounded, catching its breath)
You hear a mighty clap of thunder!
The bolt of lightning misses the mottled dragon.
You are covered in liquid flames!
* * * LOW HITPOINT WARNING * * *
The centaur warrior shoots an arrow.
The arrow hits you!
You die...

##.......(((...............
###................)......
###################.....
###... ##.. #.. ##.
.################## #.
.....D..@.........## #.
...c.............%.# #.
################..# #.
###################(.# ##(
#>...(.(.............# #..
##....%.............## ##(.
#######################...
########################.....
#............................


You could see a centaur warrior and a mottled dragon.

Vanquished Creatures
  A bone dragon (D:15)
  Wiglaf (Snake:3)
  2 frost giants
  A deep elf high priest (D:15)
  3 yaktaur captains
  Fannar (Lair:3)
  A great orb of eyes (D:16)
  A merfolk aquamancer (Lair:4)
  Harold (Lair:2)
  An ice dragon (Lair:7)
  7 anacondas
  2 death yaks (IceCv)
  8 naga warriors
  5 centaur warriors
  Nergalle (D:13)
  4 mana vipers
  The ghost of Bikaver the Carver, an experienced LOFi of Okawaru (Bailey)
  A sea snake (Snake:3)
  6 naga sharpshooters
  3 unseen horrors
  3 shock serpents (Snake:3)
  A lindwurm (Lair:6)
  An ice statue (IceCv)
  3 orc knights
  6 hill giants
  An orc sorcerer (Orc:1)
  A griffon (Lair:8)
  30 black mambas
  A naga ritualist (Snake:1)
  A draconian (shapeshifter) (D:15)
  4 cyclopes
  2 guardian serpents
  Maurice (D:13)
  5 octopodes
  2 salamander mystics
  2 fauns (Shoals:1)
  6 spiny frogs
  A feature mimic (Lair:4)
  A redback zombie (D:15)
  A merfolk (Shoals:1)
  4 salamanders
  7 naga magi
  A harpy zombie (D:15)
  A komodo dragon (D:15)
  A hydra zombie (D:13)
  2 giant leeches (Lair:8)
  A yaktaur (D:15)
  17 polar bears
  6 trolls
  3 two-headed ogres
  A hydra skeleton (D:7)
  A basilisk (D:15)
  7 blink frogs
  A griffon zombie (D:15)
  A blink frog (shapeshifter) (D:14)
  14 slime creatures
  A boulder beetle (D:15)
  A grizzly bear (Lair:8)
  6 sharks
  2 water elementals
  A shadow (D:11)
  37 yaks
  A wyvern (D:13)
  14 ugly things
  3 wraiths
  Eustachio (D:6)
  An elephant slug (Lair:8)
  3 manticores
  A vampire (D:15)
  A steam dragon (D:10)
  A wolf (shapeshifter) (D:14)
  31 wolves
  11 hippogriffs
  5 hungry ghosts
  A human zombie (D:15)
  11 vampire mosquitoes
  A mottled dragon (D:15)
  A freezing wraith (D:14)
  A soldier ant (D:15)
  21 nagas
  4 necrophages
  4 ice beasts
  6 porcupines
  A yellow wasp (D:14)
  6 sky beasts
  A black bear (D:10)
  2 giant goldfish
  19 orc warriors
  11 centaurs
  A phantom (D:4)
  10 ogres
  A deep dwarf (D:8)
  2 boring beetles (Lair:7)
  26 water moccasins
  Sigmund (D:2)
  Duvessa (D:6)
  8 crocodiles
  3 big kobolds
  A komodo dragon zombie (D:15)
  A warg (Orc:4)
  A yaktaur zombie (D:15)
  6 giant slugs
  21 giant frogs
  A cyclops zombie (D:15)
  11 agate snails
  A cyclops skeleton (D:11)
  A wyvern skeleton (D:7)
  5 jellyfish
  9 killer bees
  6 electric eels
  13 wights
  Dowan (D:6)
  4 big fish
  14 crimson imps
  3 goliath beetles
  A quasit (D:12)
  4 iguanas
  A two-headed ogre zombie (D:6)
  11 orc priests
  11 hounds
  2 jellies
  22 orc wizards
  A giant frog skeleton (D:7)
  2 centaur skeletons
  5 scorpions
  6 worker ants
  18 sheep
  2 mummies
  30 green rats
  29 adders
  5 giant centipedes
  3 gnolls
  7 giant mites
  6 worms
  An iguana zombie (D:7)
  An adder zombie (D:6)
  9 grey rats (Sewer)
  A giant eyeball (D:4)
  12 giant geckos
  An ooze (D:1)
  113 orcs
  6 ball pythons
  15 bats
  A bat skeleton (D:4)
  A bat zombie (D:5)
  8 giant cockroaches
  19 hobgoblins
  25 jackals
  24 kobolds
  6 quokkas
  10 giant newts
  2 giant spores
  24 goblins
  A kobold zombie (D:5)
  3 orc zombies
  28 rats
  12 ballistomycetes
  A plant (Lair:4)
1045 creatures vanquished.

Vanquished Creatures (others)
  Nikola (Snake:2)
  An anaconda (Snake:1)
  2 centaur warriors (D:15)
  An unseen horror (D:15)
  2 orc sorcerers (Orc:4)
  A naga ritualist (Snake:2)
  A black mamba (Snake:1)
  A faun (Shoals:1)
  2 spiny frogs (Lair:8)
  A redback zombie (D:15)
  2 polar bears (IceCv)
  A hellwing (Orc:4)
  2 sharks
  3 yaks
  A wolf (IceCv)
  2 nagas (Snake:2)
  2 porcupines
  6 giant goldfish
  4 orc warriors
  7 centaurs
  2 wargs (Orc:4)
  2 giant frogs
  An agate snail (Lair:4)
  4 electric eels
  3 jellyfish
  2 orc priests
  An orc wizard (Orc:4)
  2 hounds (D:8)
  A big fish (Lair:4)
  3 gnolls (D:8)
  5 green rats (Lair:8)
  A giant centipede (Lair:1)
  10 orcs
  A ball python (Snake:2)
  A hobgoblin (D:8)
  2 jackals
  A giant cockroach (D:8)
  5 giant spores
  3 kobolds (Bailey)
  2 ballistomycetes (D:8)
  A fungus (Lair:8)
  8 plants
104 creatures vanquished.

Grand Total: 1149 creatures vanquished

Notes
Turn   | Place    | Note
--------------------------------------------------------------
     0 | D:1      | Jenx, the Gargoyle Fighter, began the quest for the Orb.
     0 | D:1      | Reached XP level 1. HP: 14/14 MP: 1/1
   294 | D:1      | Reached XP level 2. HP: 19/19 MP: 2/2
   840 | D:1      | Reached XP level 3. HP: 23/23 MP: 3/3
  1083 | D:2      | Noticed Sigmund
  1102 | D:2      | Killed Sigmund
  1102 | D:2      | Reached skill level 5 in Maces & Flails
  1102 | D:2      | Reached XP level 4. HP: 14/28 MP: 4/4
  1336 | D:2      | Reached XP level 5. HP: 32/32 MP: 5/5
  1938 | D:3      | Found a glowing drain.
  1947 | D:3      | Reached skill level 6 in Maces & Flails
  1990 | Sewer    | Entered a sewer
  2142 | Sewer    | Reached XP level 6. HP: 26/37 MP: 6/6
  2705 | D:3      | Found a shadowy altar of Dithmengos.
  2802 | D:3      | Reached skill level 7 in Maces & Flails
  2959 | D:3      | Found a radiant altar of Vehumet.
  3189 | D:4      | Paralysed by a giant eyeball for 4 turns
  3365 | D:4      | Reached skill level 8 in Maces & Flails
  3365 | D:4      | Reached XP level 7. HP: 37/41 MP: 7/7
  3632 | D:4      | Found a glowing silver altar of Zin.
  3633 | D:4      | Found a glowing golden altar of the Shining One.
  3767 | D:4      | Found Psamneir's Distillery.
  3772 | D:4      | Bought a potion of heal wounds for 33 gold pieces
  3773 | D:4      | Bought a potion of heal wounds for 33 gold pieces
  3773 | D:4      | Bought a potion of heal wounds for 33 gold pieces
  3825 | D:5      | Entered Level 5 of the Dungeon
  4014 | D:5      | Reached skill level 9 in Maces & Flails
  4133 | D:5      | Found a basalt altar of Yredelemnul.
  4159 | D:5      | Found a shattered altar of Ashenzari.
  4703 | D:6      | Noticed Eustachio
  4771 | D:6      | Reached skill level 10 in Maces & Flails
  4771 | D:6      | Reached XP level 8. HP: 29/46 MP: 8/8
  4952 | D:6      | Killed Eustachio
  5143 | D:6      | Noticed Duvessa
  5146 | D:6      | Noticed Dowan
  5163 | D:6      | Killed Duvessa
  5176 | D:6      | Reached skill level 11 in Maces & Flails
  5184 | D:6      | Killed Dowan
  5872 | D:7      | Found a staircase to the Ecumenical Temple.
  5880 | Temple   | Entered the Ecumenical Temple
  5889 | Temple   | Became a worshipper of Elyvilon the Healer
  6262 | D:7      | Reached skill level 12 in Maces & Flails
  6277 | D:7      | Got a transparent whip
  6278 | D:7      | Identified the +10,+7 whip of the Ancient Suns {slash, rElec rN+} (You found it on level 7 of the Dungeon)
  6338 | D:7      | Found a sparkling altar of Nemelex Xobeh.
  6351 | D:7      | Reached XP level 9. HP: 51/51 MP: 7/12
  6384 | D:7      | Acquired Elyvilon's first power
  6828 | D:7      | Reached skill level 5 in Invocations
  6881 | D:7      | Found a snail-covered altar of Cheibriados.
  7915 | D:8      | Found a burning altar of Makhleb.
  7957 | D:8      | Reached XP level 10. HP: 42/56 MP: 20/22
  7962 | D:8      | Acquired Elyvilon's second power
  8235 | D:8      | Found a staircase to the Lair.
  8354 | D:8      | Reached skill level 10 in Invocations
  8782 | Lair:1   | Entered Level 1 of the Lair of Beasts
  9251 | Lair:1   | Noticed a five-headed hydra
  9252 | Lair:1   | Pacified a five-headed hydra
  9252 | Lair:1   | Acquired Elyvilon's third power
  9322 | Lair:1   | Reached skill level 5 in Fighting
  9782 | Lair:2   | Noticed a black mamba
  9794 | Lair:2   | Killed a black mamba
  9955 | Lair:2   | Found an iron altar of Okawaru.
 10064 | Lair:2   | Noticed Harold
 10085 | Lair:2   | Killed Harold
 10085 | Lair:2   | Reached XP level 11. HP: 40/68 MP: 23/25
 10574 | Lair:3   | Noticed Fannar
 10760 | Lair:3   | Killed Fannar
 11310 | Lair:3   | Noticed a five-headed hydra
 11311 | Lair:3   | Noticed a six-headed hydra
 11354 | Lair:3   | Pacified a six-headed hydra
 11354 | Lair:3   | Acquired Elyvilon's fourth power
 11357 | Lair:3   | Pacified a five-headed hydra
 11357 | Lair:3   | Reached skill level 10 in Fighting
 11514 | Lair:3   | Noticed a seven-headed hydra
 11517 | Lair:3   | Pacified a seven-headed hydra
 12286 | Lair:4   | Reached skill level 5 in Armour
 12331 | Lair:4   | Found a staircase to the Snake Pit.
 12357 | Lair:4   | Noticed a death yak
 12358 | Lair:4   | Noticed a death yak
 12358 | Lair:4   | Noticed a death yak
 12358 | Lair:4   | Noticed a death yak
 12382 | Lair:4   | Pacified a death yak
 12383 | Lair:4   | Pacified a death yak
 12383 | Lair:4   | Reached XP level 12. HP: 78/78 MP: 23/28
 12384 | Lair:4   | Pacified a death yak
 12385 | Lair:4   | Pacified a death yak
 12545 | Lair:4   | Got an iridescent long sword
 12555 | Lair:4   | Identified the +6,-4 long sword "Styr" {flame, rPois rN+ Int+2} (You found it on level 4 of the Lair of Beasts)
 13056 | Lair:4   | Found a staircase to the Shoals.
 13649 | Lair:5   | Reached skill level 13 in Invocations
 14786 | D:9      | Found a shimmering altar of Xom.
 15438 | D:10     | Entered Level 10 of the Dungeon
 15503 | D:10     | Found Suanaum's Armour Shop.
 15639 | D:10     | Reached skill level 10 in Armour
 15647 | D:10     | Found a flagged portal.
 15668 | Bailey   | Entered a bailey
 15682 | Bailey   | Noticed Bikaver's ghost (experienced LOFi)
 15731 | Bailey   | Killed Bikaver's ghost
 16002 | D:10     | Got a smoking leather armour
 16006 | D:10     | Identified the +0 leather armour of Viw Tana {Int+4} (You found it on level 10 of the Dungeon)
 16121 | D:10     | Reached skill level 1 in Evocations
 16335 | D:10     | Reached XP level 13. HP: 73/83 MP: 29/29
 18099 | D:11     | Reached skill level 5 in Shields
 18603 | D:11     | Found a staircase to the Orcish Mines.
 19001 | Lair:6   | Identified a scroll of acquirement
 19002 | Lair:6   | Got a faintly glowing cloak
 19005 | Lair:6   | Identified the +2 cloak of a Thousand Planets {rPois} (You acquired it on level 6 of the Lair of Beasts)
 19724 | Lair:4   | Upgraded the game from 0.14-a0-2506-gc7bb754 to 0.14-a0-2540-ga8cbd88
 19856 | Lair:7   | Found a frozen archway.
 19909 | IceCv    | Entered an ice cave
 21178 | IceCv    | Gained mutation: Your wings are large and strong. [gargoyle growth]
 21178 | IceCv    | Reached XP level 14. HP: 81/92 MP: 30/30
 21504 | IceCv    | Noticed a frost giant
 21526 | IceCv    | Killed a frost giant
 21526 | IceCv    | Reached skill level 14 in Invocations
 21809 | Lair:7   | Found a viscous altar of Jiyva.
 21810 | Lair:7   | Found a staircase to the Slime Pits.
 22615 | Lair:8   | Entered Level 8 of the Lair of Beasts
 24369 | Lair:8   | Got a tattered robe
 24462 | Lair:7   | Got a heavily jewelled robe
 24605 | Lair:2   | Identified the +1 robe of the Elephant {Str+3 Dex+2} (You found it on level 7 of the Lair of Beasts)
 24610 | Lair:2   | Identified the +3 robe of the Butterfly {Dex+1 Int+2} (You found it on level 8 of the Lair of Beasts)
 24933 | Orc:1    | Entered Level 1 of the Orcish Mines
 25084 | Orc:1    | Noticed Erolcha
 25090 | Orc:1    | Pacified Erolcha
 25561 | Orc:2    | Found an iron altar of Okawaru.
 26573 | Orc:4    | Entered Level 4 of the Orcish Mines
 26702 | Orc:4    | Found a staircase to the Elven Halls.
 26844 | Orc:4    | Found a shimmering altar of Xom.
 26940 | Orc:4    | Reached skill level 15 in Fighting
 27156 | Orc:4    | Noticed an orc warlord
 27159 | Orc:4    | Pacified an orc warlord
 27176 | Orc:4    | Noticed Urug
 27183 | Orc:4    | Pacified Urug
 27363 | Orc:4    | Found a roughly hewn altar of Beogh.
 27373 | Orc:4    | Found Kerhipp's Antique Weapon Emporium.
 27480 | Orc:4    | Found Thorruc's Book Emporium.
 27495 | Orc:4    | Found Qinistui's General Store.
 27524 | Orc:4    | Found Ora Fuwk's Antique Armour Emporium.
 28194 | D:12     | Found a glowing silver altar of Zin.
 28611 | D:12     | Noticed Blork the orc
 28614 | D:12     | Pacified Blork the orc
 28621 | D:12     | Found a deep blue altar of Sif Muna.
 28853 | D:13     | Noticed Maurice
 28867 | D:13     | Killed Maurice
 29112 | D:13     | Noticed Nergalle
 29119 | D:13     | Killed Nergalle
 29140 | D:13     | HP: 4/98 [enormous slime creature (61)]
 29825 | D:13     | Reached skill level 15 in Invocations
 30410 | D:13     | Reached XP level 15. HP: 94/104 MP: 32/32
 30772 | D:14     | Found Striotuquv's Distillery.
 31044 | D:14     | Found a gate to the Vaults.
 31952 | D:15     | Entered Level 15 of the Dungeon
 32300 | D:15     | Reached skill level 16 in Fighting
 33057 | D:15     | Noticed a frost giant
 33798 | D:15     | Found a portal to a secret trove of treasure.
 34241 | Snake:1  | Entered Level 1 of the Snake Pit
 34242 | Snake:1  | Found Gaworph's Antique Armour Shoppe.
 36116 | Snake:2  | Reached XP level 16. HP: 111/111 MP: 33/33
 36377 | Snake:2  | Noticed Nikola
 36392 | Snake:2  | Killed Nikola
 36762 | Shoals:1 | Entered Level 1 of the Shoals
 36910 | Shoals:1 | Found Pho Jony's Antique Weapon Emporium.
 36922 | Shoals:1 | Bought a runed great mace for 162 gold pieces
 36937 | Shoals:1 | Found Shrirpheec's Antique Armour Boutique.
 36944 | Shoals:1 | Bought a pair of faintly humming boots for 188 gold pieces
 36948 | Shoals:1 | Identified the cursed -4 pair of boots of Terror {rF+ MR++ Str-2 SInv} (You bought it in a shop on level 1 of the Shoals)
 36978 | Shoals:1 | Found Osog's Weapon Emporium.
 37851 | D:12     | Fell from the grace of Elyvilon
 37851 | D:12     | Became a worshipper of Zin the Law-Giver
 37851 | D:12     | Acquired Zin's first power
 37851 | D:12     | Acquired Zin's second power
 37851 | D:12     | Acquired Zin's third power
 37852 | D:12     | Donated 1285 gold pieces to Zin
 37853 | D:12     | Donated 642 gold pieces to Zin
 37941 | D:10     | Acquired Zin's fourth power
 38182 | Snake:3  | Reached skill level 17 in Invocations
 38598 | Snake:3  | Noticed Wiglaf
 38618 | Snake:3  | Killed Wiglaf
 39734 | Snake:4  | Noticed Vashnia
 40066 | Snake:4  | HP: 2/111 [naga warrior/halberd (9)]
 40529 | Snake:3  | Reached skill level 18 in Invocations
 41137 | D:15     | Noticed a bone dragon
 41167 | D:15     | Killed a bone dragon
 41263 | D:15     | Killed a frost giant
 41445 | D:16     | Entered Level 16 of the Dungeon
 41509 | D:16     | Reached XP level 17. HP: 101/116 MP: 35/35
 42157 | D:15     | HP: 3/116 [burnt (5)]
 42157 | D:15     | Shot with an arrow by a centaur warrior

Action                   |  1- 3 |  4- 6 |  7- 9 | 10-12 | 13-15 | 16-18 || total
-------------------------+-------+-------+-------+-------+-------+-------++-------
Melee: Mace              |    92 |   307 |     9 |       |       |       ||   408
       Flail             |       |       |   302 |       |       |       ||   302
       Unarmed           |       |       |   169 |       |       |       ||   169
       Dire flail        |       |       |   209 |   972 |   129 |       ||  1310
       Staff             |       |       |       |     5 |    13 |       ||    18
       Great mace        |       |       |       |       |  1497 |   555 ||  2052
       Morningstar       |       |       |       |       |   105 |       ||   105
 Fire: Blowgun           |       |       |    12 |       |       |       ||    12
Throw: Tomahawk          |       |       |       |       |    15 |       ||    15
       Javelin           |       |       |       |       |    10 |     2 ||    12
Invok: Lesser Healing    |       |       |    30 |   153 |   192 |    43 ||   418
       Lesser Self-Heali |       |       |     5 |     5 |    11 |     3 ||    24
       Greater Self-Heal |       |       |       |     1 |     4 |     3 ||     8
       Greater Healing   |       |       |       |     5 |    22 |     2 ||    29
       Recite            |       |       |       |       |       |    18 ||    18
       Vitalisation      |       |       |       |       |       |     3 ||     3
       Imprison          |       |       |       |       |       |     1 ||     1
 Abil: Fly               |       |       |       |       |     1 |       ||     1
Evoke: Wand              |       |     1 |     2 |     8 |    19 |    15 ||    45
  Use: Scroll            |       |       |     9 |    18 |    23 |     6 ||    56
       Potion            |       |       |     8 |     6 |       |    17 ||    31
 Stab: Paralysed         |       |     3 |       |       |       |       ||     3
       Fleeing           |       |       |       |       |     1 |       ||     1
       Confused          |       |       |       |       |       |     5 ||     5
       Invisible         |       |       |       |       |       |     4 ||     4
